 Dungeon Crawl Stone Soup version 0.30-a0-920-g7493c07aab (webtiles) character file.

Game seed: 2434761768735829170

2385 cforsyth the Trooper (level 9, -2/71 HPs)
             Began as a Human Fighter on Mar 22, 2023.
             Slain by a gnoll sergeant
             ... wielding a +0 spear
              (6 damage)
             ... on level 7 of the Dungeon.
             The game lasted 00:16:59 (8847 turns).

cforsyth the Trooper (Human Fighter)                Turns: 8847, Time: 00:16:59

Health: -2/71      AC: 10    Str: 21    XL:     9   Next: 74%
Magic:  9/9        EV: 10    Int:  9    God:
Gold:   381        SH:  0    Dex: 12    Spells: 8/8 levels left

rFire   . . .      SeeInvis .    E - +5 club
rCold   . . .      Faith    .    c - +0 buckler
rNeg    . . .      Spirit   .    u - +0 ring mail of the Barracuda {rCorr Slay+5}
rPois   +          Reflect  .    (no helmet)
rElec   .          Rampage  .    y - +0 cloak
rCorr   +                        z - +1 Delatra's gloves {ID++}
Will    .....                    (no boots) Stlth
                                 (no amulet)
HPRegen 0.31/turn                q - ring of resist corrosion
MPRegen 0.11/turn                s - ring of poison resistance

@: confused, ambrosia-drunk, marked, invisible
A: no striking features
a: no special abilities


You were on level 7 of the Dungeon.
You visited 1 branch of the dungeon, and saw 7 of its levels.
You also visited: Sewer.

You collected 381 gold pieces.

Inventory:

Hand Weapons
 a - a +1 flail
 E - a +5 club (weapon)
 F - a +0 morningstar
Missiles
 k - 2 throwing nets (quivered)
Armour
 b - a +0 scale mail
 c - a +0 buckler (worn)
 u - the +0 ring mail of the Barracuda (worn) {rCorr Slay+5}
   (You found it on level 4 of the Dungeon)

   Slay:      It affects your accuracy & damage with ranged weapons and melee
   (+5).
   rCorr:     It protects you from acid and corrosion.
 y - a +0 cloak (worn)
 z - the +1 Delatra's gloves (worn) {ID++}
   (You found it on level 4 of the Dungeon)

   ID++:      It heals its wearer when they drink unknown potions, and restores
   their MP when they read unknown scrolls.
 A - a +0 plate armour
Jewellery
 q - a ring of resist corrosion (left hand)
 s - a ring of poison resistance (right hand)
 w - a ring of wizardry
Wands
 d - a wand of quicksilver (1)
 r - a wand of iceblast (26)
 C - a wand of mindburst (20)
Scrolls
 f - 4 scrolls of blinking
 g - a scroll of fog
 j - a scroll of silence
 n - 3 scrolls of poison
 o - a scroll of enchant armour
 B - 4 scrolls of vulnerability
Potions
 e - 2 potions of mutation
 i - a potion of attraction
 m - 2 potions of invisibility
 v - 2 potions of brilliance
 x - 4 potions of lignification
 H - a potion of resistance


   Skills:
 + Level 6.9 Fighting
 + Level 6.5 Maces & Flails
 + Level 6.8 Armour
 + Level 6.8 Shields


You had 8 spell levels left.
You didn't know any spells.
Your spell library contained the following spells:

 Spells                   Type           Power      Damage    Failure   Level
 Frozen Ramparts          Ice            0%         1d1       94%         3
 Ice Form                 Ice/Tmut       0%         N/A       100%        4
 Summon Ice Beast         Ice/Summ       0%         N/A       100%        4
 Alistair's Intoxication  Tmut/Pois      0%         N/A       100%        5
 Borgnjor's Vile Clutch   Necr/Erth      0%         N/A       100%        5
 Eringya's Noxious Bog    Tmut/Pois      0%         N/A       100%        6


Dungeon Overview and Level Annotations

Branches:
Dungeon (7/15)             Temple (0/1) D:6           Sewer (visited)

Altars:
Ashenzari
Elyvilon
Makhleb

Shops:
D:2 :   D:5 [


Message History

The orc misses you. The phantom closely misses you.
You barely miss the orc warrior. The troll bites you.
* * * LOW HITPOINT WARNING * * *
The troll claws you but does no damage. The troll barely misses you.
The phantom closely misses you. The orc barely misses you.
The orc warrior misses you.
An orc comes into view. It is wielding a +0 club.
The white imp closely misses you.
You feel less invigorated.
You feel less confused.
The gnoll sergeant seems to regain its courage.
The orc hits you but does no damage. The orc warrior closely misses you.
An orc priest comes into view. It is wielding a +0 hand axe.
You block the phantom's attack.
You sock the orc warrior!
The orc warrior is moderately wounded.
The white imp seems to regain its courage.
The troll closely misses you. The troll claws you but does no damage.
The troll barely misses you. The orc barely misses you.
The orc warrior barely misses you.
An orc comes into view. It is wielding a +0 club.
The phantom barely misses you.
The gnoll sergeant hits you from afar with a +0 spear.
* * * LOW HITPOINT WARNING * * *
You are confused.
You feel invigorated.
The orc seems to regain its courage.
The troll bites you.
* * * LOW HITPOINT WARNING * * *
The troll barely misses you. The troll misses you.
The orc hits you but does no damage. The orc warrior barely misses you.
The orc closely misses you. The phantom barely misses you.
The gnoll sergeant barely misses you.
You closely miss the orc warrior.
The orc warrior is moderately wounded.
The troll closely misses you. The troll claws you but does no damage.
The troll claws you!
* * * LOW HITPOINT WARNING * * *
The orc hits you but does no damage. The orc warrior closely misses you.
The phantom hits you but does no damage.
The gnoll sergeant hits you from afar with a +0 spear.
You die...

....###.##.)#####..##.....
........##g## ##..#####.
.+##.##.##[### ##....... #
#......)..## ########
#.###..........##
................#
.........g5g....##
.........WToo....#
..........@oo..o.## #
#.........o..oo...# #
#...............#.# .
##.............## .#
##.....#.....##
###l###.##### #.
#.########.
###.##)#........
#.>......#


You could see a troll (unable to see you), an orc warrior (unable to see you), a
phantom (unable to see you), a gnoll sergeant (unable to see you), an iguana
(unable to see you), an orc priest (unable to see you), 2 gnolls, a white imp
(unable to see you) and 6 orcs.

Vanquished Creatures
  Sigmund (D:3)
  A water moccasin (D:7)
  Duvessa (D:4)
  A black bear (D:7)
  Pargi (Sewer)
  3 orc warriors
  3 ogres
  A centaur (D:6)
  A phantom (D:4)
  A scorpion (D:4)
  3 wights (D:6)
  Dowan (D:4)
  2 howler monkeys
  3 hounds (D:4)
  A jelly (D:5)
  3 orc priests
  3 sleepcaps
  Terence (D:2)
  Jessica (D:2)
  Ijyb (D:3)
  Natasha (D:2)
  A gnoll bouda (D:7)
  2 orc wizards (D:4)
  4 iguanas
  4 gnolls (D:7)
  6 adders
  A white imp (D:5)
  3 ufetubi
  A dart slug (D:3)
  18 orcs
  5 ball pythons
  13 bats
  8 endoplasms
  2 giant cockroaches (D:3)
  21 goblins
  9 hobgoblins
  15 jackals
  8 kobolds
  7 quokkas
  4 frilled lizards
  8 rats
174 creatures vanquished.

Vanquished Creatures (others)
  2 plants (D:5)
2 creatures vanquished.

Grand Total: 176 creatures vanquished

Notes
Turn   | Place    | Note
-------+----------+-------------------------------------------
     0 | D:1      | cforsyth the Human Fighter began the quest for the Orb.
     0 | D:1      | Reached XP level 1. HP: 18/18 MP: 1/1
   281 | D:1      | Reached XP level 2. HP: 9/24 MP: 2/2
   572 | D:1      | Reached XP level 3. HP: 29/29 MP: 3/3
   577 | D:1      | You fall into a shaft and drop 1 floor!
   705 | D:2      | Noticed Terence
   830 | D:2      | Killed Terence
   831 | D:2      | Reached XP level 4. HP: 3/35 MP: 4/4
  1671 | D:2      | Reached XP level 5. HP: 40/42 MP: 5/5
  1819 | D:2      | Noticed Jessica
  1823 | D:2      | Noticed Natasha
  1826 | D:2      | Killed Natasha
  1830 | D:2      | Killed Jessica
  1930 | D:2      | Found Pawear's Book Emporium.
  1973 | D:3      | Found a white marble altar of Elyvilon.
  2057 | D:3      | Reached XP level 6. HP: 7/48 MP: 6/6
  2259 | D:3      | Noticed Sigmund
  2302 | D:3      | Killed Sigmund
  2473 | D:3      | Found a burning altar of Makhleb.
  2514 | D:3      | Found a glowing drain.
  2534 | Sewer    | Entered a sewer
  2575 | Sewer    | Noticed Pargi
  2592 | Sewer    | Killed Pargi
  2593 | Sewer    | Reached XP level 7. HP: 37/55 MP: 7/7
  2944 | D:3      | Found a broken altar of Ashenzari.
  3332 | D:3      | Noticed Ijyb
  3365 | D:3      | Killed Ijyb
  3879 | D:4      | Identified the +0 ring mail of the Barracuda {rCorr Slay+5}
  4132 | D:4      | Reached skill level 5 in Fighting
  4132 | D:4      | Reached skill level 5 in Armour
  4152 | D:4      | Reached skill level 5 in Shields
  4152 | D:4      | Reached XP level 8. HP: 54/62 MP: 8/8
  4415 | D:4      | Reached skill level 5 in Maces & Flails
  4597 | D:4      | Found the +1 Delatra's gloves {ID++}
  4869 | D:5      | Entered Level 5 of the Dungeon
  5567 | D:5      | Noticed Duvessa
  5567 | D:5      | Noticed Dowan
  6136 | D:4      | Killed Duvessa
  6165 | D:4      | Killed Dowan
  6386 | D:5      | Found Indra's Dragon-Slaying Spoils.
  6597 | D:6      | Reached XP level 9. HP: 69/69 MP: 9/9
  6606 | D:6      | Found a staircase to the Ecumenical Temple.
  8263 | D:7      | Identified the +5 quarterstaff of Comuc {protect, rPois
                  | rN+++ Stlth-}
  8822 | D:7      | Noticed a troll
  8832 | D:7      | HP: 2/71 [troll (15)]
  8847 | D:7      | Slain by a gnoll sergeant

Illustrated notes

Levels and vault maps discovered:
D:1:      dpeg_arrival_circle_labyrinth_c, layout_basic,
          chequers_serial_rivers_large_a
D:2:      layout_rooms, serial_shops, nicolae_shop_behind_doors,
          kennysheep_generic_room_10, uniq_jessica, uniq_terence, uniq_natasha
D:3:      kennysheep_goblin_castle, layout_basic, overflow_temple_1_default,
          mainiacjoe_overflow_swirl, gup_sewer_entry_pipe,
          minmay_goblin_outpost, uniq_sigmund, uniq_ijyb
D:4:      layout_loops_ring, pf_guarded_unrand_delatra
D:5:      layout_rooms, serial_bayou, serial_bayou_shore_a,
          serial_bayou_lagoon_b, serial_bayou_crossing, serial_bayou_shore_b,
          serial_bayou_shore_b, nicolae_shop_dragon_depot, uniq_duvessa
D:6:      layout_cave_pods, minmay_temple_entry_tees
D:7:      layout_rooms, hellmonk_guarded_unrand_lears

Skill      XL: |  1  2  3  4  5  6  7  8  9 |
---------------+----------------------------+-----
Maces & Flails | 3 4 5 6 |  6.5
Fighting       | 4 5 6 |  6.9
Armour         | 4 5 6 |  6.8
Shields        | 4 5 6 |  6.8

Action                     |  1- 3 |  4- 6 |  7- 9 || total
---------------------------+-------+-------+-------++-------
  Melee: Flail             |    81 |   172 |   297 ||   550
         Club              |       |       |    86 ||    86
    Use: Potion            |       |     1 |     5 ||     6
         Scroll            |       |       |    24 ||    24
 Armour: Scale mail        |    29 |   106 |    74 ||   209
         Ring mail         |       |       |    83 ||    83
  Dodge: Dodged            |    33 |   107 |   257 ||   397
  Block: Buckler           |    15 |    58 |    97 ||   170

Table legend: (Time is in decaauts)
 A = Elapsed time spent in this place.
 B = Non-inter-level travel time spent in this place.
 C = Inter-level travel time spent in this place.
 D = Time resting spent in this place.
 E = Time spent auto-exploring this place.
 F = Levels seen in this place.
 G = Mean time per level.
                   A        B        C        D        E       F      G
               +--------+--------+--------+--------+--------+-----+--------+
         Total |   9066 |   8625 |    441 |   1803 |   5109 |   8 | 1133.2 |
       Dungeon |   8875 |   8434 |    441 |   1803 |   5012 |   7 | 1267.9 |
         Sewer |    190 |    190 |      0 |      0 |     97 |   1 |  190.0 |
               +--------+--------+--------+--------+--------+-----+--------+

Top non-repeatable levels by time:
     D:3: 1827 daAuts
     D:5: 1690 daAuts
     D:4: 1622 daAuts
     D:6: 1442 daAuts
     D:1: 1273 daAuts
     D:2: 757 daAuts
     D:7: 262 daAuts
   Sewer: 190 daAuts
